 Dungeon Crawl Stone Soup version 0.20.1-1-g8b1a95d (webtiles) character file.

95 Internecine the Skirmisher (level 4, 0/42 HPs)
             Began as a Draconian Wanderer on Oct 3, 2017.
             Slain by Terence
             ... wielding a +2 hand axe of freezing
              (1 damage)
             ... on level 2 of the Dungeon.
             The game lasted 00:13:21 (1510 turns).

Internecine the Skirmisher (Draconian Wanderer)     Turns: 1510, Time: 00:13:26

Health: 0/42       AC:  6    Str: 13    XL:     4   Next: 39%
Magic:  5/5        EV: 11    Int: 13    God:
Gold:   94         SH:  0    Dex: 12    Spells: 5/5 levels left

rFire    + . .     SeeInvis .   q - +1 dagger (venom)
rCold    x . .     Gourm    .   (no shield)
rNeg     . . .     Faith    .   (armour unavailable)
rPois    +         Spirit   .   (helmet restricted)
rElec    .         Reflect  .   (no cloak)
rCorr    .         Harm     .   l - +0 pair of gloves
MR       .....                  (no boots)
Stlth    +.........             (no amulet)
Regen    0.2/turn               e - ring of fire
MPRegen  0.1/turn               h - ring of poison resistance

@: slowed, very slow
A: unfitting armour, cold-blooded, AC +5
a: no special abilities


You were on level 2 of the Dungeon.
You were not hungry.

You visited 1 branch of the dungeon, and saw 2 of its levels.

You collected 94 gold pieces.

Inventory:

Hand Weapons
 b - a +0 shortbow
 q - a +1 dagger of venom (weapon)
Missiles
 c - 43 arrows
 i - 12 bolts
 j - 9 stones (quivered)
 o - 21 poisoned needles
Armour
 l - a +0 pair of gloves (worn)
Jewellery
 e - a ring of fire (left hand)
 h - a ring of poison resistance (right hand)
Scrolls
 d - a scroll of teleportation
 g - a scroll of identify {unknown}
 k - a scroll of remove curse {unknown}
 m - a scroll of immolation {unknown}
 r - a scroll of magic mapping {unknown}
Potions
 n - a potion of berserk rage {unknown}
 s - a potion of might
Books
 a - a book of Minor Magic

   Spells                             Type                      Level
   a - Magic Dart                     Conjuration                  1
   b - Blink                          Translocation                2
   c - Call Imp                       Summoning                    2
   d - Slow                           Hexes                        2
   e - Conjure Flame                  Conjuration/Fire             3
   f - Mephitic Cloud                 Conjuration/Poison/Air       3
Comestibles
 f - 2 bread rations
 p - 3 chunks of flesh


   Skills:
 + Level 5.1 Fighting
 + Level 3.0 Bows
 + Level 1.9 Throwing
 + Level 0.8 Dodging
 + Level 1.0 Spellcasting
   Level 1.7 Charms


You had 5 spell levels left.
You didn't know any spells.

Dungeon Overview and Level Annotations

Branches:
Dungeon (2/15)

Altars:
Hepliaklqana

Annotations:
D:2 Terence


Innate Abilities, Weirdness & Mutations

Your plain brown scales are hard. (AC +5)
You cannot fit into any form of body armour.
You are cold-blooded and may be slowed by cold attacks.


Message History

Terence freezes you.
* * * LOW HITPOINT WARNING * * *
Terence hits you with a hand axe of freezing.
* * * LOW HITPOINT WARNING * * *
You feel as though you will be slow longer.
Terence freezes you.
* * * LOW HITPOINT WARNING * * *
Your +1 dagger of venom begins to drip with poison!
q - a +1 dagger of venom (weapon)
Terence closely misses you.
You closely miss Terence.
Terence is almost dead.
Terence hits you but does no damage.
You closely miss Terence.
Terence is almost dead.
Terence hits you with a hand axe of freezing.
* * * LOW HITPOINT WARNING * * *
You feel as though you will be slow longer.
Terence freezes you.
You die...

.. .... .# ....=..( ##.##
#.. ..... .... .. ?.....
## #.. ##.# ......
...#####.# #..##.....#
......#..####.# .......
#.........##@......##.
###.#####..@.>....... #.#
##.#......... ###.#
#..###....#. ##...# #.##
#..... ## #..### ##.#
#..## .# #.##
##..#######..# .#
#.#####..###.......#######
.# #...##..##
#.#####.......# .#
###..#.## ##.# ##......#


You could see Terence.

Vanquished Creatures
  Robin (D:2)
  2 adders (D:2)
  An ooze (D:1)
  3 worms (D:2)
  A dart slug (D:1)
  A ball python (D:1)
  3 giant cockroaches
  5 hobgoblins
  6 kobolds
  A quokka (D:2)
  2 bats (D:2)
  2 frilled lizards
  16 goblins
  3 rats (D:2)
47 creatures vanquished.

Notes
Turn   | Place    | Note
-------+----------+-------------------------------------------
     0 | D:1      | Internecine the Draconian Wanderer began the quest for the Orb.
     0 | D:1      | Internecine set off with: a book of Minor Magic, a +0 shortbow, 24 arrows, a scroll of teleportation, a bread ration
     0 | D:1      | Reached XP level 1. HP: 22/22 MP: 2/2
   114 | D:1      | Reached XP level 2. HP: 28/28 MP: 3/3
   758 | D:2      | Reached skill level 5 in Fighting
   763 | D:2      | Noticed Robin
   773 | D:2      | Reached XP level 3. HP: 35/36 MP: 4/4
   782 | D:2      | Killed Robin
  1079 | D:2      | Found a hazy altar of Hepliaklqana.
  1145 | D:2      | Reached XP level 4. HP: 33/42 MP: 5/5
  1496 | D:2      | Noticed Terence
  1510 | D:2      | HP: 1/42 [Terence/hand axe of freezing (3)]
  1510 | D:2      | Slain by Terence

Skill      XL: |  1  2  3  4 |
---------------+-------------+-----
Fighting       | 5 |  5.1
Bows           | 2 3 |  3.0
Throwing       | |  1.9
Dodging        | |  0.8
Spellcasting   | |  1.0
Charms         | |  1.7

Action                   |  1- 3 |  4- 6 || total
-------------------------+-------+-------++-------
Melee: Dagger            |     1 |     2 ||     3
 Fire: Shortbow          |    83 |    51 ||   134
Throw: Stone             |    10 |       ||    10
  Eat: Chunk             |       |     2 ||     2
Armor: Skin              |    17 |    11 ||    28
Dodge: Dodged            |    39 |    19 ||    58
